 Dungeon Crawl Stone Soup version 0.27-a0-819-g058290f16d (webtiles) character file.

Game seed: 17555449340665313369

9 jasper the Sneak (level 2, 0/24 HPs)
             Began as a Demonspawn Delver on Mar 29, 2021.
             Succumbed to an adder's poison
             ... on level 5 of the Dungeon.
             The game lasted 00:00:19 (26 turns).

jasper the Sneak (Demonspawn Delver)                  Turns: 26, Time: 00:00:20

Health: 0/24       AC:  3    Str: 12    XL:     2   Next: 3%
Magic:  2/2        EV: 11    Int: 11    God:
Gold:   0          SH:  0    Dex: 14    Spells: 1/1 levels left

rFire    . . .     SeeInvis .   a - +0 hand axe
rCold    . . .     Faith    .   (no shield)
rNeg     . . .     Spirit   .   b - +0 leather armour
rPois    .         Reflect  .   (no helmet)
rElec    .         Harm     .   (no cloak)
rCorr    .         Rampage  .   (no gloves)
Will     .....                  (no boots)
Stlth    ++........             (no amulet)
HPRegen  0.08/turn              (no ring)
MPRegen  0.08/turn              (no ring)

@: lethally poisoned (0 -> -2), hasted, very quick
A: claws 1
a: no special abilities


You were on level 5 of the Dungeon.
You visited 1 branch of the dungeon, and saw 1 of its levels.

Inventory:

Hand Weapons
 a - a +0 hand axe (weapon)
Armour
 b - a +0 leather armour (worn)
Wands
 g - a wand of digging (3)
Scrolls
 c - a scroll of fog
 d - a scroll of magic mapping
 e - a scroll of fear


   Skills:
 + Level 3.1 Fighting
 * Level 2.1 Axes
 + Level 0.5 Armour
 - Level 1.7 Dodging
 - Level 4.5 Stealth


You had one spell level left.
You didn't know any spells.
Your spell library was empty.

Dungeon Overview and Level Annotations

Branches:
Dungeon (5/15)
 Temple: D:4-7

Altars:


Innate Abilities, Weirdness & Mutations

You have sharp fingernails.


Message History

You take 1 damage, and have 11/18 hp.
You miss the adder.
The adder is severely wounded.
You feel sick.
You are no longer poisoned.
The adder bites you.
You are lethally poisoned!
The adder poisons you!
You take 5 damage, and have 6/18 hp.
MASSIVE DAMAGE!!
You miss the adder.
The adder is severely wounded.
* * * LOW HITPOINT WARNING * * *
You feel sick. The adder bites you but does no damage.
You take 1 damage, and have 5/18 hp.
You hit the adder.
You kill the adder!
* * * LOW HITPOINT WARNING * * *
You feel sick.
Your Axes skill increases to level 2!
You have reached level 2!
Your demonic ancestry asserts itself...
Your fingernails lengthen.
MP restored: 2
* * * LOW HITPOINT WARNING * * *
You feel sick.
You take 1 damage, and have 4/24 hp.
You close the large door.
There is a lethal amount of poison in your body!
You open the large door.
* * * LOW HITPOINT WARNING * * *
You feel sick.
You take 1 damage, and have 3/24 hp.
* * * LOW HITPOINT WARNING * * *
You feel sick.
There is a large open door, spattered with blood here.
You take 1 damage, and have 2/24 hp.
* * * LOW HITPOINT WARNING * * *
You feel sick.
You take 1 damage, and have 1/24 hp.
You die...

#.................
......##................
.......##........>......
........##..............
.........##.............
..........#.............
≈≈≈⌠......#.............
≈≈≈≈......#.............
≈≈≈≈...@..'.............
≈≈≈≈......'.............
≈≈≈≈......#...........##
≈≈≈⌠......#..........##
..........#...........
.........###.........
........## ##.......
.......## ......


There were no monsters in sight!

Vanquished Creatures
  An adder (D:5)
1 creature vanquished.

Notes
Turn   | Place    | Note
-------+----------+-------------------------------------------
     0 | D:5      | jasper the Demonspawn Delver began the quest for the Orb.
     0 | D:5      | Reached XP level 1. HP: 18/18 MP: 1/1
    20 | D:5      | Gained mutation: You have sharp fingernails. [demonic
                  | ancestry]
    20 | D:5      | Reached XP level 2. HP: 5/24 MP: 2/2
    25 | D:5      | HP: 1/24 [poisoned by an adder]
    26 | D:5      | Succumbed to an adder's poison

Illustrated notes

Levels and vault maps discovered:
D:5:      layout_layer_cave, nicolae_ossuary_entry_false_entrances,
          kennysheep_big_empty_room

Skill      XL: |  1 |
---------------+----+-----
Axes           | 2 |  2.1
Fighting       | |  3.1
Armour         | |  0.5
Dodging        | |  1.7
Stealth        | |  4.5

Action                   || total
-------------------------++-------
Melee: Hand axe          ||    11
  Use: Potion            ||     1
Armor: Leather armour    ||     2
Dodge: Dodged            ||     6

Table legend: (Time is in decaauts)
 A = Elapsed time spent in this place.
 B = Non-inter-level travel time spent in this place.
 C = Inter-level travel time spent in this place.
 D = Time resting spent in this place.
 E = Time spent auto-exploring this place.
 F = Levels seen in this place.
 G = Mean time per level.
                   A        B        C        D        E       F      G
               +--------+--------+--------+--------+--------+-----+--------+
         Total |     22 |     22 |      0 |      0 |      0 |   1 |   22.0 |
       Dungeon |     22 |     22 |      0 |      0 |      0 |   1 |   22.0 |
               +--------+--------+--------+--------+--------+-----+--------+

Top non-repeatable levels by time:
     D:5: 22 daAuts
